[Event "Team 45 45 League T96"]
[Site "Internet Chess Club"]
[Date "2023.05.12"]
[Round "1"]
[White "WzeroMN"]
[Black "Reykjaviking"]
[Result "0-1"]
[WhiteElo "944"]
[BlackElo "1344"]
[Opening "Philidor's defense"]
[ECO "C41"]
[Time "14:01:49"]
[PlyCount "56"]
[TimeControl "2700+45"]

1. e4 e5 2. Nf3 d6 3. Bb5+ c6 4. Be2 Nf6 5. d3 h6 6. O-O Be7 7. c4 Nbd7 8. b4 b6
9. Nc3 Qc7 10. a4 Nh7 11. Be3 Ndf6 12. h3 Ng5 13. Bxg5 hxg5 14. Rb1 g4 15. hxg4
Bxg4 16. Nh2 Bh5 17. Bxh5 Rxh5 18. Ne2 O-O-O 19. Ng3 Rh7 20. Nf5 Rdh8 21. f3
Rxh2 22. Kf2 g5 23. Ng3 Qd7 24. Rh1 Rxh1 25. Nxh1 Nh5 26. g4 Nf4 27. Ng3 Rh2+
28. Ke3 Ng2+ {White resigns} 0-1

[Event "Team 45 45 League T96"]
[Site "Internet Chess Club"]
[Date "2023.05.11"]
[Round "1"]
[White "Kingofknights"]
[Black "sdcohle"]
[Result "1-0"]
[WhiteElo "1559"]
[BlackElo "1318"]
[Opening "QGD semi-Slav: 5...Nd7"]
[ECO "D45"]
[Time "18:01:05"]
[PlyCount "141"]
[TimeControl "2700+45"]

1. d4 d5 2. c4 c6 3. Nf3 Nf6 4. Nc3 e6 5. e3 Nbd7 6. cxd5 exd5 7. Bd3 Bd6 8. O-O
O-O 9. a3 a5 10. Rb1 b6 11. b4 axb4 12. axb4 b5 13. Qc2 Qe7 14. Na2 Re8 15. Bd2
Ne4 16. Rb2 Bb7 17. Nc1 h6 18. Be1 Ra4 19. Nd2 Nxd2 20. Qxd2 Nf6 21. Qc3 Ne4 22.
Bxe4 Qxe4 23. Nd3 Qe7 24. Nc5 Bxc5 25. dxc5 Rea8 26. f3 Re8 27. Bd2 Bc8 28. e4
dxe4 29. fxe4 Qe5 30. Qxe5 Rxe5 31. Re1 Ra7 32. Bc3 Re6 33. Re3 Rae7 34. Rd2 f6
35. Kf2 Kf7 36. Kf3 Bd7 37. h4 h5 38. Kf4 g6 39. e5 fxe5+ 40. Rxe5 Rxe5 41. Bxe5
Bf5 42. g3 Rd7 43. Bd6 Kf6 44. Ra2 Ke6 45. Re2+ Kf7 46. Kg5 Kg7 47. Re8 Kf7 48.
Re5 Kg7 49. Kf4 Kf7 50. Re3 Kf6 51. Re8 Kf7 52. Rc8 Ra7 53. Rxc6 Ra4 54. Rc7+
Ke6 55. Re7+ Kd5 56. Re5+ Kc4 57. c6 Rxb4 58. Bxb4 Kxb4 59. Rxf5 gxf5 60. c7 Ka3
61. c8=Q b4 62. Qc1+ Ka2 63. Qc2+ Ka3 64. Qb1 b3 65. Ke3 b2 66. Kd2 Kb3 67. Kd3
f4 68. gxf4 Ka3 69. Kc4 Ka4 70. Qxb2 Ka5 71. Qb5# {Black checkmated} 1-0

[Event "Team 45 45 League T96"]
[Site "Internet Chess Club"]
[Date "2023.05.11"]
[Round "1"]
[White "Tjet"]
[Black "DaveTheRook"]
[Result "1/2-1/2"]
[WhiteElo "1296"]
[BlackElo "1420"]
[Opening "English: Queens Indian formation"]
[ECO "A05"]
[Time "19:06:56"]
[PlyCount "48"]
[TimeControl "2700+45"]

1. Nf3 Nf6 2. c4 e6 3. Nc3 b6 4. g3 Bb7 5. Bg2 d5 6. cxd5 exd5 7. O-O Be7 8. d3
O-O 9. a3 Re8 10. Re1 c6 11. e3 Nbd7 12. b4 b5 13. Bb2 Qc7 14. Ne2 a5 15. Qd2
axb4 16. axb4 Rxa1 17. Rxa1 Ra8 18. Rxa8+ Bxa8 19. Ned4 Qa7 20. Nf5 Bf8 21. h3
Qa4 22. Bc3 g6 23. N5d4 Bg7 24. Nc2 Bb7 {Game drawn by mutual agreement} 1/2-1/2

[Event "Team 45 45 League T96"]
[Site "Internet Chess Club"]
[Date "2023.05.11"]
[Round "1"]
[White "kabubi"]
[Black "seattleblues"]
[Result "0-1"]
[WhiteElo "1159"]
[BlackElo "1285"]
[Opening "Caro-Kann defense"]
[ECO "B10"]
[Time "22:02:49"]
[PlyCount "32"]
[TimeControl "2700+45"]

1. e4 c6 2. g3 d5 3. Bg2 dxe4 4. Bxe4 Nf6 5. Bg2 Bf5 6. d3 Nbd7 7. Nd2 e6 8.
Ngf3 Bc5 9. O-O Qb6 10. Qe2 O-O 11. Re1 Ng4 12. Kh1 Nxf2+ 13. Kg1 Nxd3+ 14. Kf1
Nxe1 15. Qxe1 Bxc2 16. Nc4 Bd3+ {White resigns} 0-1

[Event "Team 45 45 League T96"]
[Site "Internet Chess Club"]
[Date "2023.05.12"]
[Round "1"]
[White "tasawyer81"]
[Black "rgadoury"]
[Result "1-0"]
[WhiteElo "837"]
[BlackElo "1121"]
[Opening "Ruy Lopez (Spanish opening)"]
[ECO "C60"]
[Time "19:00:53"]
[PlyCount "61"]
[TimeControl "2700+45"]

1. e4 e5 2. Nf3 Nc6 3. Bb5 Bd6 4. O-O a6 5. Ba4 Nf6 6. d3 O-O 7. Nc3 Re8 8. Bg5
h6 9. Bh4 g5 10. Bg3 Nh5 11. Qd2 Nxg3 12. hxg3 Nd4 13. Nxd4 exd4 14. Nd5 Re5 15.
Bb3 c6 16. Nb4 a5 17. f4 Bxb4 18. c3 dxc3 19. bxc3 Bxc3 20. Qxc3 Qb6+ 21. d4 Re7
22. fxg5 hxg5 23. Rf5 Kf8 24. Raf1 Rxe4 25. Rxf7+ Ke8 26. Rf8+ Ke7 27. R1f7+ Kd6
28. Kh2 g4 29. d5 c5 30. Rf6+ Kc7 31. Rxb6 {Black resigns} 1-0

[Event "Team 45 45 League T96"]
[Site "Internet Chess Club"]
[Date "2023.05.13"]
[Round "1"]
[White "mongmong"]
[Black "burlap"]
[Result "1-0"]
[WhiteElo "1481"]
[BlackElo "1311"]
[Opening "Colle system"]
[ECO "D05"]
[Time "10:05:34"]
[PlyCount "99"]
[TimeControl "2700+45"]

1. d4 d5 2. Nf3 Nf6 3. e3 e6 4. Bd3 c5 5. c3 Nc6 6. Nbd2 Bd6 7. Qe2 O-O 8. O-O
Re8 9. dxc5 Bxc5 10. e4 dxe4 11. Nxe4 Nxe4 12. Qxe4 f5 13. Qc4 Qd5 14. Bf4 Qxc4
15. Bxc4 a6 16. Rfe1 b5 17. Bb3 Na5 18. Bc2 Bb7 19. b4 Bb6 20. bxa5 Bxa5 21. Be5
Rad8 22. Red1 Bxf3 23. gxf3 Rd5 24. Rxd5 exd5 25. Bd4 g6 26. Kf1 b4 27. cxb4
Bxb4 28. Bb3 Rd8 29. Rc1 Ba3 30. Rc2 Kf7 31. Bc5 Bxc5 32. Rxc5 Kf6 33. Rxd5 Rxd5
34. Bxd5 Ke5 35. Bb7 a5 36. Ke2 Kd4 37. f4 Kc3 38. f3 Kb2 39. Bd5 Kc3 40. Bg8 h6
41. Bh7 g5 42. fxg5 hxg5 43. Bxf5 Kb2 44. Be6 Kc3 45. Kf2 Kd4 46. Kg3 Ke5 47.
Bc8 Kd4 48. Kg4 Kc3 49. Kxg5 Kb2 50. Be6 {Black resigns} 1-0

[Event "Team 45 45 League T96"]
[Site "Internet Chess Club"]
[Date "2023.05.11"]
[Round "1"]
[White "isolani"]
[Black "tightfist"]
[Result "1-0"]
[WhiteElo "1443"]
[BlackElo "1408"]
[Opening "QGD: 4.Nf3"]
[ECO "D37"]
[Time "18:00:33"]
[PlyCount "87"]
[TimeControl "2700+45"]

1. d4 Nf6 2. Nf3 d5 3. c4 e6 4. Nc3 Be7 5. e3 O-O 6. Bd3 c5 7. O-O dxc4 8. Bxc4
Nc6 9. a3 cxd4 10. exd4 b6 11. Bf4 Na5 12. Bd3 Bb7 13. b4 Bxf3 14. Qxf3 Nb3 15.
Rad1 Nxd4 16. Qe3 Bd6 17. Qxd4 e5 18. Bxe5 Bxe5 19. Qxe5 Qc8 20. Nd5 Nxd5 21.
Qxd5 Qc3 22. Qf3 Qb2 23. Rb1 Qd2 24. Rfd1 Qg5 25. Qf5 Qh6 26. h3 Rad8 27. Bc4
Rc8 28. Bb3 Rc6 29. Rd7 Rf6 30. Qd3 Rg6 31. Bxf7+ Rxf7 32. Rd8+ Rf8 33. Qd5+ Re6
34. Rd6 Rf6 35. Rxe6 Rxe6 36. Re1 Kf7 37. Qd7+ Kf8 38. Qxe6 g6 39. Qe8+ Kg7 40.
Re7+ Kf6 41. Qf7+ Kg5 42. Re5+ Kh4 43. Qc4+ Qf4 44. Qxf4# {Black checkmated} 1-0

[Event "Team 45 45 League T96"]
[Site "Internet Chess Club"]
[Date "2023.05.14"]
[Round "1"]
[White "oldbookseller"]
[Black "NATYNL09"]
[Result "0-1"]
[WhiteElo "878"]
[BlackElo "1105"]
[Opening "Queen's pawn game"]
[ECO "D04"]
[Time "14:00:27"]
[PlyCount "46"]
[TimeControl "2700+45"]

1. d4 d5 2. Nf3 Nf6 3. e3 Bg4 4. Nbd2 Nc6 5. Bd3 e6 6. b3 Bd6 7. Bb2 O-O 8. Qc1
Qe7 9. O-O e5 10. e4 dxe4 11. Nxe4 Bxf3 12. gxf3 Nxe4 13. Qe1 Qg5+ 14. Kh1 Nf6
15. Rg1 Qh5 16. Be2 exd4 17. f4 Qd5+ 18. f3 Bxf4 19. Qf2 Be3 20. Rxg7+ Kxg7 21.
Qg2+ Kh8 22. Bc1 Rg8 23. Qg1 Rxg1# {White checkmated} 0-1

[Event "Team 45 45 League T96"]
[Site "Internet Chess Club"]
[Date "2023.05.13"]
[Round "1"]
[White "BrerRabbit"]
[Black "Pawnchain"]
[Result "0-1"]
[WhiteElo "1346"]
[BlackElo "1564"]
[Opening "Queen's pawn game, Darooha variation "]
[ECO "D02"]
[Time "15:01:22"]
[PlyCount "56"]
[TimeControl "2700+45"]

1. d4 Nf6 2. Nf3 d5 3. g3 Bf5 4. Bg2 Nbd7 5. c4 e6 6. Nc3 Bb4 7. O-O dxc4 8. Nd2
c6 9. Nxc4 O-O 10. a3 Bxc3 11. bxc3 Nb6 12. Nb2 Ne4 13. Bxe4 Bxe4 14. f3 Bg6 15.
e4 h6 16. Bf4 Qe7 17. Qb3 Rad8 18. Rfd1 c5 19. Nc4 Nc8 20. Rab1 b6 21. Rb2 Bh5
22. Ne5 cxd4 23. Nc6 Qc5 24. Nxd8 dxc3+ 25. Kg2 cxb2 26. Nxe6 fxe6 27. Qxe6+ Bf7
28. Qe5 Qc2+ {White resigns} 0-1

[Event "Team 45 45 League T96"]
[Site "Internet Chess Club"]
[Date "2023.05.11"]
[Round "1"]
[White "alexgame"]
[Black "smsxman"]
[Result "0-1"]
[WhiteElo "1254"]
[BlackElo "1382"]
[Opening "Queen's gambit declined"]
[ECO "D30"]
[Time "21:00:09"]
[PlyCount "54"]
[TimeControl "2700+45"]

1. d4 d5 2. c4 e6 3. Nf3 c5 4. e3 cxd4 5. exd4 Nf6 6. Bd3 Nc6 7. O-O Be7 8. Nc3
Bd7 9. cxd5 exd5 10. Bd2 Nb4 11. Qe2 Nxd3 12. Qxd3 O-O 13. h3 a6 14. Ne2 Re8 15.
a4 b5 16. b3 bxa4 17. bxa4 a5 18. Ng3 Bc6 19. Rfe1 Bb4 20. Rxe8+ Qxe8 21. Bg5
Ne4 22. Bh4 Rc8 23. Nf5 Bxa4 24. Ne7+ Bxe7 25. Bxe7 Bb5 26. Qb1 Nc3 27. Qe1 Ne2+
{White resigns} 0-1

[Event "Team 45 45 League T96"]
[Site "Internet Chess Club"]
[Date "2023.05.12"]
[Round "1"]
[White "Ostap-Bender"]
[Black "PsyMar"]
[Result "1-0"]
[WhiteElo "1237"]
[BlackElo "1200"]
[Opening "QGD Slav: 4.e3"]
[ECO "D11"]
[Time "10:04:20"]
[PlyCount "133"]
[TimeControl "2700+45"]

1. d4 d5 2. Nf3 Nf6 3. c4 c6 4. e3 a6 5. Nc3 Bf5 6. Bd3 e6 7. Bxf5 exf5 8. Qc2
g6 9. cxd5 Bb4 10. O-O Kf8 11. a3 Bd6 12. dxc6 Nxc6 13. Bd2 Kg7 14. Rac1 Rc8 15.
b4 Ne7 16. Qb3 Nfd5 17. Nxd5 Rxc1 18. Rxc1 Nxd5 19. Kh1 Bb8 20. Qc4 Nf6 21. Bc3
Ne4 22. Bb2 Nxf2+ 23. Kg1 Ng4 24. d5+ Kh6 25. Bxh8 Qxh8 26. Qd4 Qe8 27. Re1 b5
28. h3 Ne5 29. Nxe5 Bxe5 30. Qd2 Kg7 31. Rc1 Bd6 32. Rc6 Qe5 33. Qd4 Qxd4 34.
exd4 Be7 35. d6 Bf6 36. d5 f4 37. d7 Bd8 38. Rc8 Bb6+ 39. Kf1 Kf6 40. d8=Q+ Bxd8
41. Rxd8 Ke7 42. Ra8 f5 43. Rxa6 g5 44. Re6+ Kd7 45. Kf2 g4 46. hxg4 fxg4 47.
Rf6 Ke7 48. Rxf4 h5 49. g3 Kd6 50. Rf5 Ke7 51. Rxh5 Kd6 52. Rg5 Ke7 53. Rxg4 Kd6
54. Rg5 Kd7 55. Ke3 Kd6 56. Kd4 Ke7 57. Kc5 Kd7 58. Kxb5 Kd6 59. a4 Kd7 60. a5
Kc7 61. Rg6 Kb7 62. Rc6 Kb8 63. d6 Kb7 64. d7 Ka7 65. Rb6 Ka8 66. d8=Q+ Ka7 67.
Qb8# {Black checkmated} 1-0